 Dungeon Crawl Stone Soup version 0.21.1-1-g345015f (webtiles) character file.

9522 Kagorn the Fighter (level 11, -3/64 HPs)
             Began as a Gargoyle Fighter on June 13, 2018.
             Was an Elder of Hepliaklqana.
             Shot with an arrow by a naga sharpshooter (6 damage)
             ... on level 2 of the Lair of Beasts.
             The game lasted 01:06:41 (7356 turns).

Kagorn the Fighter (Gargoyle Fighter)               Turns: 7356, Time: 01:07:02

Health: -3/64      AC: 26    Str: 26    XL:     11   Next: 47%
Magic:  5/13       EV:  5    Int: 11    God:    Hepliaklqana [****..]
Gold:   651        SH: 12    Dex: 12    Spells: 10/10 levels left

rFire    . . .     SeeInvis .   y - +0 long sword (elec)
rCold    . . .     Gourm    .   c - +1 shield
rNeg     + . .     Faith    .   a - +2 plate armour {rPois}
rPois    ∞         Spirit   .   (no helmet)
rElec    +         Reflect  .   D - +0 cloak
rCorr    +         Harm     .   (no gloves)
MR       .....                  n - +0 pair of boots
Stlth    ..........             z - amulet of regeneration
HPRegen  0.60/turn              k - +3 ring of intelligence
MPRegen  0.13/turn              I - ring of resist corrosion

@: mighty, about to teleport, constricted
A: reduced essence, negative energy resistance 1, electricity resistance,
unbreathing, petrification resistance, rot immunity, AC +8
a: Recall Ancestor, Ancestor Identity, Transference, Idealise, Renounce Religion


You were on level 2 of the Lair of Beasts.
You worshipped Hepliaklqana.
Hepliaklqana was greatly pleased with you.
You were not hungry.

You visited 3 branches of the dungeon, and saw 12 of its levels.

You collected 651 gold pieces.

Inventory:

Hand Weapons
 b - a +1 hand axe of electrocution
 q - a +2 antimagic spear
 s - a +0 spear of venom
 w - a +2 dagger of flaming
 x - a +0 dagger of speed
 y - a +0 long sword of electrocution (weapon)
 P - a +4 scimitar of flaming
Armour
 a - a +2 plate armour of poison resistance (worn)
 c - a +1 shield (worn)
 n - a +0 pair of boots (worn)
 D - a +0 cloak (worn)
Jewellery
 k - a +3 ring of intelligence (left hand)
 z - an amulet of regeneration (around neck)
 B - an uncursed amulet of rage {unknown}
 I - a ring of resist corrosion (right hand)
 S - a cursed ring of loudness {unknown}
Wands
 e - a wand of paralysis (12)
 p - a wand of random effects (24)
 u - a wand of disintegration (13)
 G - a wand of flame (22)
 J - a wand of scattershot (7)
 O - a wand of digging (18)
Scrolls
 g - 3 scrolls of identify
 j - 6 scrolls of teleportation
 o - 4 scrolls of remove curse
 v - 3 scrolls of fog
 A - a scroll of fear
 F - 4 scrolls of enchant armour
 L - 2 scrolls of blinking
 N - a scroll of amnesia {unknown}
 R - a scroll of vulnerability {unknown}
Potions
 d - a potion of might
 h - 5 potions of flight
 i - 4 potions of brilliance
 l - 2 potions of berserk rage
 m - a potion of curing
 C - 2 potions of mutation
 E - 2 potions of haste
 H - a potion of magic
Books
 r - a book of Misfortune

   Spells                             Type                      Level
   a - Confusing Touch                Hexes                        1
   b - Confuse                        Hexes                        3
   c - Gell's Gravitas                Translocation                3
   d - Petrify                        Transmutation/Earth          4
   e - Metabolic Englaciation         Hexes/Ice                    5
   f - Yara's Violent Unravelling     Hexes/Transmutation          5
 t - a book of Misfortune

   Spells                             Type                      Level
   a - Confusing Touch                Hexes                        1
   b - Confuse                        Hexes                        3
   c - Gell's Gravitas                Translocation                3
   d - Petrify                        Transmutation/Earth          4
   e - Metabolic Englaciation         Hexes/Ice                    5
   f - Yara's Violent Unravelling     Hexes/Transmutation          5
 Q - a book of Clouds

   Spells                             Type                      Level
   a - Poisonous Vapours              Poison/Air                   2
   b - Mephitic Cloud                 Conjuration/Poison/Air       3
   c - Conjure Flame                  Conjuration/Fire             3
   d - Freezing Cloud                 Conjuration/Ice/Air          6
   e - Ring of Flames                 Charms/Fire                  7
Miscellaneous
 K - a phial of floods
 M - a lightning rod (4/4)
Comestibles
 f - 19 rations


   Skills:
 * Level 10.2 Fighting
 + Level 3.2(5.7) Axes
 - Level 7.5(7.8) Polearms
 + Level 7.5 Armour
 + Level 4.9 Dodging
 + Level 7.2 Stealth
 + Level 7.6 Shields
 + Level 2.7 Invocations


You had 10 spell levels left.
You didn't know any spells.

Dungeon Overview and Level Annotations

Branches:
Dungeon (9/15)             Temple (0/1) D:5            Lair (2/6) D:9
  Snake (1/4) Lair:2
  Swamp: Lair:2-4    Shoals: Lair:2-4       Orc: D:9-12

Altars:
Cheibriados
Dithmenos
Gozag
Hepliaklqana
Makhleb
Sif Muna


Innate Abilities, Weirdness & Mutations

You are resistant to torment.
Your stone body is resilient. (AC +8)
You are immune to poison.
You resist negative energy. (rN+)
You are resistant to electric shocks. (rElec)
You can survive without breathing.
You are immune to petrification.
You are immune to rotting.
Your life essence is reduced to manifest your ancestor. (-10% HP)


Message History

* * * LOW HITPOINT WARNING * * *
The naga ritualist spits poison at you. The splash of poison hits you!
You resist.
* * * LOW HITPOINT WARNING * * *
The naga ritualist constricts you. You block the black mamba's attack.
The black mamba bites you but does no damage.
The naga sharpshooter shoots an arrow.
The arrow hits you.
* * * LOW HITPOINT WARNING * * *
The black mamba bites you!
* * * LOW HITPOINT WARNING * * *
The naga ritualist hits you but does no damage.
* * * LOW HITPOINT WARNING * * *
The naga ritualist constricts you. The black mamba barely misses you.
As you read the scroll of teleportation, it crumbles to dust.
You feel strangely unstable.
The black mamba bites you but does no damage.
You block the black mamba's attack. The black mamba completely misses you.
The black mamba closely misses you.
The naga sharpshooter shoots an arrow.
The arrow hits you.
You die...

................. #
................. #.
............... #.P ###
#............
...###.####............
#......#.............
##.............P##.##
#..N...........##.##.
##..@S.#.....##.....#
#.SNS.......##......
#.....#.....##......
#.(.................#
##.#.#.#......#.##.##
#####.......#.######
................
###PP########..# ### #
#


You could see a naga sharpshooter, a naga ritualist and 3 black mambas.

Vanquished Creatures
  Erica (Lair:2)
  A two-headed ogre (D:9)
  A spiny frog (Lair:1)
  A blink frog (Lair:1)
  A porcupine (Lair:1)
  3 ice beasts
  A sky beast (D:6)
  2 orc warriors (D:9)
  2 phantoms
  3 ogres
  2 wolves (Lair:1)
  3 centaurs
  2 crocodiles
  A big kobold (D:5)
  2 bullfrogs (D:9)
  3 scorpions
  A centaur zombie (D:9)
  2 orc priests
  3 hounds
  A jelly (D:9)
  A centaur skeleton (D:9)
  A bullfrog skeleton (D:7)
  3 iguanas
  4 orc wizards
  4 worker ants
  2 hound zombies (D:6)
  10 gnolls
  8 adders
  2 shadow imps
  3 oozes
  An adder zombie (D:6)
  2 adder skeletons (D:5)
  2 worms (D:3)
  7 dart slugs
  5 leopard geckos
  14 orcs
  A ball python (D:4)
  3 bats
  4 giant cockroaches
  9 goblins
  7 hobgoblins
  12 jackals
  14 kobolds
  5 quokkas
  3 frilled lizards
  A leopard gecko skeleton (D:5)
  5 rats
169 creatures vanquished.

Vanquished Creatures (collateral kills)
  A komodo dragon (Lair:1)
  4 blink frogs (Lair:1)
  3 hippogriffs
  2 yaks (D:9)
  A wyvern (D:9)
  A basilisk (Lair:2)
  3 porcupines
  An orc warrior (D:8)
  A water moccasin (Lair:1)
  2 ice beasts (D:9)
  A phantom (D:8)
  A necrophage (D:8)
  5 wolves (Lair:1)
  An ogre (D:6)
  2 centaurs (D:9)
  3 crocodiles (Lair:1)
  5 bullfrogs
  A wyvern zombie (D:8)
  A big kobold (D:9)
  2 wyvern skeletons (D:8)
  A scorpion (D:7)
  An electric eel (Lair:2)
  3 crimson imps
  2 hounds
  A quasit (D:9)
  A jelly (D:9)
  A bullfrog skeleton (D:5)
  4 orc wizards
  A worker ant (D:3)
  An adder (D:7)
  An ooze (D:4)
  3 worms
  A leopard gecko (D:6)
  8 orcs
  A bat (D:3)
  A goblin (D:3)
  5 jackals
  A ball python (D:4)
  A kobold (D:9)
  A leopard gecko zombie (D:5)
  2 rats (D:2)
  A fungus (D:9)
83 creatures vanquished.

Vanquished Creatures (others)
  3 battlemagi
  2 ancestors (D:5)
  3 fungi (D:9)
8 creatures vanquished.

Grand Total: 260 creatures vanquished

Notes
Turn   | Place    | Note
-------+----------+-------------------------------------------
     0 | D:1      | Kagorn the Gargoyle Fighter began the quest for the Orb.
     0 | D:1      | Reached XP level 1. HP: 14/14 MP: 1/1
   342 | D:1      | Reached XP level 2. HP: 19/19 MP: 2/2
   733 | D:1      | Reached XP level 3. HP: 23/23 MP: 3/3
   999 | D:2      | Reached skill level 1 in Stealth
  1092 | D:2      | Found a hazy altar of Hepliaklqana.
  1102 | D:2      | Became a worshipper of Hepliaklqana the Forgotten
  1172 | D:2      | Reached XP level 4. HP: 22/26 MP: 4/4
  1207 | D:2      | Reached skill level 4 in Fighting
  1413 | D:3      | Reached XP level 5. HP: 26/29 MP: 5/5
  1414 | D:3      | Reached skill level 1 in Dodging
  1492 | D:3      | Found an opulent altar of Gozag.
  1572 | D:3      | Found a burning altar of Makhleb.
  1749 | D:3      | Found a deep blue altar of Sif Muna.
  2056 | D:4      | Reached XP level 6. HP: 33/35 MP: 6/6
  2196 | D:4      | Found a snail-covered altar of Cheibriados.
  2265 | D:4      | Reached * piety under Hepliaklqana
  2709 | D:5      | Entered Level 5 of the Dungeon
  2715 | D:5      | Reached skill level 1 in Polearms
  2774 | D:5      | Reached skill level 5 in Fighting
  2789 | D:5      | Reached XP level 7. HP: 31/39 MP: 7/7
  3157 | D:5      | Reached XP level 8. HP: 42/45 MP: 2/8
  3162 | D:5      | Reached skill level 6 in Fighting
  3299 | D:5      | Found a staircase to the Ecumenical Temple.
  3485 | D:6      | Reached skill level 5 in Shields
  3598 | D:6      | Found a shadowy altar of Dithmenos.
  3706 | D:6      | Reached skill level 5 in Armour
  3951 | D:6      | Reached ** piety under Hepliaklqana
  3954 | D:6      | Remembered your ancestor Iustina as a battlemage
  3984 | D:6      | Reached XP level 9. HP: 50/50 MP: 3/9
  3994 | D:6      | Reached skill level 7 in Fighting
  4279 | D:7      | Got a pair of translucent boots
  4280 | D:7      | Identified the +2 pair of boots "Tuezocene" {rCorr Str+3 Dex-4} (You found it on level 7 of the Dungeon)
  4541 | D:7      | Reached skill level 5 in Stealth
  5137 | D:8      | Reached skill level 5 in Polearms
  5147 | D:8      | Reached skill level 8 in Fighting
  5494 | D:8      | Reached XP level 10. HP: 44/57 MP: 3/10
  5786 | D:9      | Reached *** piety under Hepliaklqana
  5822 | D:9      | Noticed a two-headed ogre
  5848 | D:9      | Killed a two-headed ogre
  5848 | D:9      | Reached skill level 9 in Fighting
  5907 | D:9      | Found a staircase to the Lair.
  5983 | D:9      | Got a transparent robe
  5984 | D:9      | Identified the +1 robe "Daaleege" {rC+ MR+} (You found it on level 9 of the Dungeon)
  6157 | Lair:1   | Entered Level 1 of the Lair of Beasts
  6293 | Lair:1   | Reached skill level 1 in Invocations
  6315 | Lair:1   | Reached XP level 11. HP: 37/64 MP: 4/12
  6613 | Lair:1   | Reached skill level 10 in Fighting
  7105 | Lair:2   | Noticed Erica
  7139 | Lair:2   | Killed Erica
  7212 | Lair:2   | Reached **** piety under Hepliaklqana
  7327 | Lair:2   | Found a staircase to the Snake Pit.
  7336 | Snake:1  | Entered Level 1 of the Snake Pit
  7336 | Snake:1  | Noticed a naga sharpshooter
  7336 | Snake:1  | Noticed a naga ritualist
  7336 | Snake:1  | Noticed an anaconda
  7355 | Lair:2   | HP: 2/64 [naga ritualist/scimitar of venom (2)]
  7356 | Lair:2   | Shot with an arrow by a naga sharpshooter

Skill      XL: |  1  2  3  4  5  6  7  8  9 10 11 |
---------------+----------------------------------+-----
Axes           | 2 3 |  3.2
Stealth        | 1 2 3 4 5 6 7 |  7.2
Fighting       | 4 5 6 8 9 10 | 10.2
Dodging        | 1 2 3 4 |  4.9
Shields        | 4 5 6 7 |  7.6
Armour         | 4 5 6 7 |  7.5
Polearms       | 1 2 4 5 6 7 |  7.5
Invocations    | 1 2 |  2.7

Action                   |  1- 3 |  4- 6 |  7- 9 | 10-12 || total
-------------------------+-------+-------+-------+-------++-------
Melee: War axe           |   113 |   124 |       |       ||   237
       Spear             |       |    54 |   420 |   382 ||   856
       Long sword        |       |       |       |     4 ||     4
Invok: Ancestor Life: Ba |       |       |     1 |       ||     1
       Ancestor Identity |       |       |     1 |       ||     1
       Recall Ancestor   |       |       |       |     1 ||     1
  Use: Scroll            |       |    13 |     2 |    10 ||    25
       Potion            |       |       |       |     6 ||     6
 Stab: Distracted        |       |     1 |     2 |     4 ||     7
  Eat: Ration            |     1 |     1 |     3 |     2 ||     7
       Chunk             |       |       |     1 |       ||     1
Armor: Scale mail        |    48 |    82 |       |       ||   130
       Plate armour      |       |     1 |   298 |   193 ||   492
       Skin              |       |       |       |    13 ||    13
Dodge: Dodged            |    34 |    51 |    63 |    94 ||   242
Block: Shield            |    62 |    96 |   234 |   197 ||   589
       Rpst.: Long sword |       |       |       |     4 ||     4
